← All builds
Geo / Armada / Economy first / OBSERVED BUILD

Standard geo

Eco-first Geo build that rushes geothermal power and T2 constructor before transitioning into Starlight-led T2 units for front, the role's baseline play.

Usually blows up the commander for T2 (66%)

#eco #t2 · 709 distinct matches · 107 players · 58% of Armada Geo games · team won 54% of 800 · Recently observed

HOW TO PLAY IT

Key timing: Geothermal Powerplant by 3:26

  1. Open mex and wind into Bot Lab.
  2. Rush geothermal for the early energy spike.
  3. Add Advanced Metal Extractor, then Advanced Geothermal by 7:07.
  4. Bring up Vehicle Plant alongside T2 con for "Starlight" and vehicles.
  5. Funnel "Starlight" and T1 vehicles to front, pay allies with cons and "Lazarus".

Phase by phase

TYPICAL OF ITS 709 GAMES
  1. 1
  2. 2
  3. 3
  4. 4
PLAY THE OPENING

Follow the example game's first 6:00 step by step: what to build now, what comes next, and where it goes. At 1× it keeps pace with your own game.

  1. 1

    Up to the Bot Lab

    Economy
    • Metal Extractor2Mex
    • Wind Turbine4Wind
    Order
    1. Bot LabBot Lab after 2 mex, 4 winddone ~1:12, middle half 0:58–1:22

    By 0:55 in all: 2 mex · 4 wind

    The example game in this phase · 4 steps
    1. Mex ×2
    2. Wind ×3
    3. Solar
    4. Bot LabBot Labdone 1:01 · typical 1:12
  2. 2

    Bot Lab to 5:00

    Economy
    • Metal Extractor2Mex
    • Wind Turbine3Wind
    • Energy Converter8Converter
    • Energy Storage1Energy storage
    Order
    1. Geothermal PowerplantGeo after 4 mex, 5 wind, 1 energy storage
    Builders
    • Construction Turret5 Con turret
    • Lazarus4 Lazarus
    • Construction Bot2 Con bot
    • Construction Bot1 Con bot for allies
    • Lazarus1 Lazarus for allies

    By 5:00 in all: 4 mex · 6 wind · 1 geo · 8 converter · 1 energy storage · 5 con turret

    The example game in this phase · 20 steps
    1. TickTick ×2
    2. Construction BotCon botfor Beach sea
    3. LazarusLazarus
    4. Solar
    5. Mex
    6. LazarusLazarusfor Beach sea
    7. Mex
    8. LazarusLazarus ×2
    9. Construction BotCon bot
    10. LazarusLazarus
    11. Energy storage
    12. Con turret
    13. PawnPawn
    14. Geothermal PowerplantGeodone 3:33 · typical 3:26
    15. Con turret
    16. Converter ×12
    17. Con turret
    18. Wind
    19. Con turret
    20. Wind ×3
  3. 3

    5:00 to Vehicle Plant

    Order
    1. Advanced Geothermal PowerplantAdvanced Geothermal Powerplant after 8 wind, 10 converter, 6 con turretin 59% of games
    2. Vehicle PlantVehicle Plant after 9 wind, 10 converter, 6 con turretdone ~7:07, middle half 6:42–7:41
    Builders
    • Construction Turret1 Con turret

    Some games also: converter (49%) · wind (48%)

    By 7:00 in all: 4 mex · 10 wind · 1 geo · 1 Advanced Geothermal Powerplant · 10 converter · 1 energy storage

    The example game in this phase · 13 steps
    1. Wind ×8
    2. Advanced Metal ExtractorT2 mexdone 5:28 · typical 5:34
    3. Wind
    4. Advanced Metal ExtractorT2 mex
    5. Wind ×3
    6. PrudePrudedone 6:46
    7. Wind
    8. Advanced Metal ExtractorT2 mex
    9. Wind
    10. Advanced Metal ExtractorT2 mex
    11. Wind
    12. Con turret ×2
    13. Vehicle PlantVehicle Plantdone 7:07 · typical 7:07
  4. 4

    Vehicle Plant to 10:00

    Economy
    • Wind Turbine5Wind
    • Energy Converter3Converter
    Order
    1. Advanced Vehicle PlantAdvanced Vehicle Plant after 11 wind, 11 converter, 7 con turret
    Builders
    • Construction Vehicle1 Con vehicle
    Army
    • Starlight2 Starlight
    • Umbra1 Jammer
    • Prophet1 Radar vehicle

    Some games also: con turret (50%) · T2 con vehicle for allies (48%) · Jaguar (31%)

    By 10:00 in all: 4 mex · 20 wind · 1 geo · 1 Advanced Geothermal Powerplant · 16 converter · 1 energy storage

    The example game in this phase · 124 steps
    1. BeaverBeaver
    2. GroundhogGroundhog
    3. Advanced Vehicle PlantAdvanced Vehicle Plantdone 7:52 · typical 8:07
    4. BeholderBeholder ×3
    5. SentrySentry
    6. Wind
    7. Advanced Construction VehicleT2 con vehiclefor Front
    8. Wind ×2
    9. Light MineLight Mine ×2
    10. Wind
    11. Light MineLight Mine
    12. ConsulConsul
    13. Light MineLight Mine ×2
    14. Wind ×2
    15. ProphetRadar vehicle
    16. Wind
    17. Light MineLight Mine
    18. UmbraJammer
    19. Wind
    20. Light MineLight Mine
    21. Wind
    22. Light MineLight Mine
    23. StarlightStarlightdone 8:56 · typical 9:03
    24. Wind ×2
    25. Light MineLight Mine ×5
    26. Wind
    27. Light MineLight Mine ×4
    28. Wind ×2
    29. Light MineLight Mine
    30. Wind
    31. StarlightStarlight
    32. JunoJuno
    33. Medium MineMedium Mine
    34. StarlightStarlight
    35. Medium MineMedium Mine
    36. Construction VehicleCon vehicle
    37. Medium MineMedium Mine ×2
    38. Wind
    39. Medium MineMedium Mine
    40. StarlightStarlight
    41. Wind
    42. Advanced Radar TowerAdvanced Radar Tower
    43. Wind
    44. Medium MineMedium Mine ×2
    45. BeholderBeholder
    46. Wind ×2
    47. Medium MineMedium Mine ×2
    48. Wind ×2
    49. Medium MineMedium Mine
    50. Wind ×2
    51. Medium MineMedium Mine
    52. BeholderBeholder
    53. Wind
    54. Medium MineMedium Mine
    55. Wind
    56. ConsulConsul
    57. Wind
    58. Medium MineMedium Mine
    59. AmbassadorAmbassadordone 11:33
    60. Wind ×2
    61. Medium MineMedium Mine
    62. AmbassadorAmbassador
    63. Construction ShipCon ship
    64. Wind
    65. Medium MineMedium Mine
    66. Wind
    67. Medium MineMedium Mine
    68. Naval Radar / Sonar TowerNaval Radar / Sonar Tower
    69. Medium MineMedium Mine
    70. AmbassadorAmbassador
    71. Wind
    72. Medium MineMedium Mine
    73. Wind
    74. Naval Radar / Sonar TowerNaval Radar / Sonar Tower
    75. Medium MineMedium Mine
    76. Wind
    77. Medium MineMedium Mine
    78. Wind
    79. AmbassadorAmbassador
    80. Wind
    81. Medium MineMedium Mine
    82. HarpoonHarpoon
    83. Wind
    84. Medium MineMedium Mine ×2
    85. Wind
    86. Advanced Construction VehicleT2 con vehicle
    87. Wind ×2
    88. Medium MineMedium Mine
    89. Wind
    90. Medium MineMedium Mine
    91. Wind ×2
    92. Medium MineMedium Mine
    93. Wind ×2
    94. Medium MineMedium Mine
    95. Wind
    96. Medium MineMedium Mine
    97. Wind
    98. CitadelAnti-nukedone 14:15
    99. Construction VehicleCon vehicle
    100. Wind ×2
    101. Medium MineMedium Mine
    102. Wind
    103. Medium MineMedium Mine
    104. Wind ×2
    105. Medium MineMedium Mine
    106. Wind ×2
    107. Medium MineMedium Mine
    108. Wind
    109. Aircraft PlantAircraft Plantdone 14:32
    110. Wind
    111. Medium MineMedium Mine
    112. Wind
    113. Medium MineMedium Mine
    114. BlinkScout plane ×2
    115. Wind
    116. Fusion ReactorFusionnot finished by 15:00
    117. Wind
    118. BlinkScout plane
    119. Medium MineMedium Mine
    120. Wind ×2
    121. BlinkScout plane
    122. Converter
    123. Wind
    124. BlinkScout plane

Counts are medians over the build's games: half of them build more, half fewer. The example game is 0neTw0's (41 OS, 13/09/2026); pick another.

Team trades

IN AT LEAST 30% OF ITS GAMES

You hand over

  • Lazarus1 Lazarus to Beach seafirst at 2:16 · in 78% of games
  • Construction Bot1 Con bot to Beach seafirst at 2:31 · in 88% of games
  • Advanced Construction Vehicle1 T2 con vehicle to Suicide front or Frontfirst at 8:52 · in 62% of games

You get

  • Hercules1 Light transport from Airfirst at 4:20 · in 35% of games
  • Advanced Construction Bot1 T2 con bot from Techfirst at 4:48 · in 95% of games

How it plays out

Typical game of this build, running totals by minute

Metal produced

020k40k
0:005:0010:0015:00

metal

Enemy metal destroyed

05k10k15k
0:005:0010:0015:00

metal

Own metal lost

02.5k5k7.5k
0:005:0010:0015:00

metal

800 games.

Show as table
ByMetal produced: This buildEnemy metal destroyed: This buildOwn metal lost: This build
1:0033300
2:0082600
3:00152700
4:00270000
5:00372800
6:00572800
7:00814500
8:0011494021
9:001451051130
10:0017421615320
11:00204012076790
12:002333640221927
13:002607961903323
14:002899585234783
15:0031544103856248
WHAT THE NUMBERS SAY

Standard Geo build dominates the resource numbers, with zero own losses through 10:00 and a huge metal lead by 15:00.

  • + Metal produced hits 31426 by 15:00, highest of all six builds
  • + Own metal lost is 0 by 5:00 and only 334 by 10:00
  • − First Starlight only arrives in 57% of games by 9:19
  • − Advanced geothermal lands in just 69% of games by 7:16
THE EXAMPLE YOU ARE READING

0neTw0

40.9 OS · 13/09/2026

Open source match ↗

1 received units · includes a constructor
478 metal received · 46674 energy received

Allied construction assistance is unknown. Timings are observations, not a promise of solo reproducibility.

Typical milestones

Bot Lab1:12Middle 50%: 0:58–1:22 · n=799
Geothermal Powerplant3:26Middle 50%: 3:10–3:42 · n=798
Advanced Metal Extractor5:34Middle 50%: 5:18–5:56 · n=797
Advanced Geothermal Powerplant7:06Middle 50%: 6:49–7:34 · n=578
Vehicle Plant7:07Middle 50%: 6:42–7:41 · n=761
Advanced Vehicle Plant8:07Middle 50%: 7:41–8:51 · n=723
Starlight9:03Middle 50%: 8:31–9:53 · n=634

Played most by

zeus_on_god84games of this build0neTw083games of this buildViltrum53games of this buildDamsko40games of this buildXad39games of this build